 Dungeon Crawl Stone Soup version 0.28-a0-1143-gcf6077d4cc (webtiles) character file.

Game seed: 2449732674681170151

4 spaghetti the Sneak (level 1, -1/18 HPs)
             Began as a Mummy Delver on Dec 14, 2021.
             Slain by a centaur warrior zombie (10 damage)
             ... on level 7 of the Dungeon.
             The game lasted 00:01:11 (693 turns).

spaghetti the Sneak (Mummy Delver)                   Turns: 693, Time: 00:01:12

Health: -1/18      AC:  3    Str: 15    XL:     1   Next: 50%
Magic:  1/1        EV: 11    Int:  9    God:
Gold:   0          SH:  0    Dex: 13    Spells: 0/0 levels left

rFire   x . .      SeeInvis .     - Unarmed
rCold   + . .      Faith    .   (no shield)
rNeg    + + +      Spirit   .   a - +0 leather armour
rPois   ∞          Reflect  .   (no helmet)
rElec   .          Harm     .   (no cloak)
rCorr   .          Rampage  .   (no gloves)
Will    .....                   (no boots)
Stlth   ++........              (no amulet)
HPRegen 0.06/turn               (no ring)
MPRegen 0.07/turn               (no ring)

@: no status effects
A: cold resistance 1, negative energy resistance 3, torment resistance 2, heat
vulnerability 1, no potions
a: no special abilities


You were on level 7 of the Dungeon.
You visited 1 branch of the dungeon, and saw 3 of its levels.


Innate Abilities, Weirdness & Mutations

You are immune to poison.
Your flesh is cold resistant. (rC+)
You are immune to negative energy. (rN+++)
You are immune to unholy pain and torment.
You are vulnerable to heat. (rF-)
You do not drink.


   Skills:
 - Level 3.0 Fighting
 - Level 1.5 Dodging
 - Level 4.1 Stealth
 + Level 1.9 Unarmed Combat


You couldn't memorise any spells.
You didn't know any spells.
Your spell library was empty.

Inventory:

Hand Weapons
 f - a +0 long sword of holy wrath {long}
   (You found it on level 5 of the Dungeon)
 g - a +0 dagger {short}
   (You took it off an orc on level 6 of the Dungeon)
 i - a +0 spear {polearm}
   (You found it on level 6 of the Dungeon)
 k - a +0 short sword {short}
   (You took it off an orc on level 7 of the Dungeon)
Missiles
 h - 22 stones (quivered) {throwing}
Armour
 a - a +0 leather armour (worn)
 c - a +0 pair of boots
   (You found it on level 5 of the Dungeon)
Jewellery
 j - an amulet of guardian spirit
   (You found it on level 6 of the Dungeon)
Wands
 e - a wand of digging (3)
Scrolls
 b - a scroll of fog
 d - a scroll of fear

Dungeon Overview and Level Annotations

Branches:
Dungeon (7/15)
 Temple: D:4-7

Altars:
Xom
Zin

.######.##.###.#
#...##.# #.#
#.####.# #.#
###.# #.# #<#
##...# #.###.#
###..### #..##.#
##!..##
#####.#..#
#########..###
#.........
...>....Z@##
#.........
........###
#.........
........#
#.........
........#
#.........
.......)#
#.[.......
.########
##########


You could see a centaur warrior zombie.


Message History

The orc shouts! x2; The orc wizard shouts!
The orc wizard gestures wildly while chanting.
The orc wizard flickers and vanishes!
Deactivating autopickup; reactivate with Ctrl-A.
You see here an amulet of guardian spirit.
j - an amulet of guardian spirit A puff of flame appears from out of thin air!
The puff of flame misses you.
There is a stone staircase leading down here.
You climb downwards.
Reactivating autopickup.
There is a stone staircase leading up here.
Unknown command.
Unknown command.
Unknown command.
You start waiting.
Done waiting.
Unknown command.
Okay, then.
An orc comes into view. It is wielding a +0 short sword.
Found a shimmering altar of Xom and a glowing silver altar of Zin.
The orc shouts!
You hit the orc.
The orc hits you with a +0 short sword. 😕 HP[-4]
You take 4 damage, and now have 14/18 hp.
MASSIVE DAMAGE!! (PAUSE) Unknown command.
You barely miss the orc. Your punch misses the orc. You hit the orc.
You hit the orc.
You kill the orc!
No reachable target in view!
No reachable target in view!
No reachable target in view!
No reachable target in view!
No reachable target in view!
No reachable target in view!
No reachable target in view!
No reachable target in view!
No reachable target in view!
No reachable target in view!
No reachable target in view!
No reachable target in view!
No reachable target in view!
No reachable target in view!
No reachable target in view!
You start resting.
The angel hits itself but does no damage.
The angel hits itself with a +3 whip of holy wrath!
The angel hits itself with a +3 whip of holy wrath.
The angel barely misses itself. x2
The angel hits itself with a +3 whip of holy wrath.
The angel lectures its feet at length about keeping your body clean and pure.
An orc comes into view.
It is wielding a +0 trident. 😕 HP[+1] Unknown command.
You start resting. 😎 HP[+3]
Your hp is fully restored (18).
An orc comes into view. It is wielding a +0 hand axe.
You start waiting.
Done waiting.
Unknown command.
k - a +0 short sword {short} You see here an orc corpse.
The angel shouts!
The angel lectures its feet at length about proper care of body and soul.
A centaur warrior zombie comes into view.
You see here an inky potion.
Found a stone staircase leading down.
You can't drink.
Unknown command.
You hit the centaur warrior zombie but do no damage.
The centaur warrior zombie hits you but does no damage.
The centaur warrior zombie kicks you. 😕 HP[-3]
You take 3 damage, and now have 15/18 hp.
You hit the centaur warrior zombie. The centaur warrior zombie hits you.
The centaur warrior zombie barely misses you. x2
The centaur warrior zombie kicks you. 😮 HP[-2]
You take 2 damage, and now have 13/18 hp.
You hit the centaur warrior zombie but do no damage.
The centaur warrior zombie hits you but does no damage.
The centaur warrior zombie kicks you. 😮 HP[-1]
You take 1 damage, and now have 12/18 hp.
You hit the centaur warrior zombie but do no damage.
The centaur warrior zombie hits you.
* * * LOW HITPOINT WARNING * * *
The centaur warrior zombie misses you. 😨 HP[-3]
You take 3 damage, and now have 9/18 hp.
Okay, then.
You can't drink.
Okay, then.
Okay, then.
The centaur warrior zombie hits you!
Ouch! That really hurt!
You die...

Action                   || total
-------------------------++-------
Melee: Unarmed           ||    12
  Use: Scroll            ||     4
Armor: Leather armour    ||     3
Dodge: Dodged            ||     5

Levels and vault maps discovered:
D:5:      layout_basic, lemuel_doored_altar, gammafunk_ghost_smash,
          cheibrodos_gnoll_hut
D:6:      layout_gridville, uniq_duvessa, uniq_pikel, uniq_maggie
D:7:      layout_rooms, grunt_temple_overflow_order_and_chaos_1

Notes
Turn   | Place    | Note
-------+----------+-------------------------------------------
     0 | D:5      | spaghetti the Mummy Delver began the quest for the Orb.
     0 | D:5      | Reached XP level 1. HP: 18/18 MP: 1/1
     0 | D:5      | magus.rc [v1.9.6]
     8 | D:5      | Noticed a hound
   238 | D:5      | Noticed an iguana
   358 | D:6      | Noticed an orc wizard
   358 | D:6      | Noticed an orc priest
   489 | D:7      | Found a shimmering altar of Xom.
   489 | D:7      | Noticed an angel
   684 | D:7      | Noticed a centaur warrior zombie
   693 | D:7      | Slain by a centaur warrior zombie

Vanquished Creatures
  2 orcs
2 creatures vanquished.

Table legend:
 A = Non-vault XP
 B = Vault XP
 C = Vault XP percentage of total XP
 D = Non-vault monster count
 E = Vault monster count
 F = Vault count percentage of total count
                 A         B        C        D         E       F
            +---------+---------+-------+---------+---------+-------
      Total |       6 |       0 |   0.0 |       2 |       0 |   0.0
            +---------+---------+-------+---------+---------+-------
        D:6 |       3 |       0 |   0.0 |       1 |       0 |   0.0
        D:7 |       3 |       0 |   0.0 |       1 |       0 |   0.0
            +---------+---------+-------+---------+---------+-------

Illustrated notes

Table legend:
 A = Kills in this place as a percentage of kills in entire the game.
 B = Kills by you in this place as a percentage of kills by you in the entire game.
 C = Kills by friends in this place as a percentage of kills by friends in the entire game.
 D = Other kills in this place as a percentage of other kills in the entire game.
 E = Experience gained in this place as a percentage of experience gained in the entire game.
 F = Experience gained in this place divided by the number of levels of this place that you have seen.
                   A       B       C       D       E      F
               +-------+-------+-------+-------+-------+----------------------
         Total | 100.0 | 100.0 |   N/A |   N/A | 100.0 |   2.0
       Dungeon | 100.0 | 100.0 |   N/A |   N/A | 100.0 |   2.0
               +-------+-------+-------+-------+-------+----------------------

Table legend: (Time is in decaauts)
 A = Elapsed time spent in this place.
 B = Non-inter-level travel time spent in this place.
 C = Inter-level travel time spent in this place.
 D = Time resting spent in this place.
 E = Time spent auto-exploring this place.
 F = Levels seen in this place.
 G = Mean time per level.
                   A        B        C        D        E       F      G
               +--------+--------+--------+--------+--------+-----+--------+
         Total |    692 |    692 |      0 |    476 |    121 |   3 |  230.7 |
       Dungeon |    692 |    692 |      0 |    476 |    121 |   3 |  230.7 |
               +--------+--------+--------+--------+--------+-----+--------+

Top non-repeatable levels by time:
     D:7: 317 daAuts
     D:5: 257 daAuts
     D:6: 117 daAuts
